 Dungeon Crawl Stone Soup version 0.31-a0-1612-g4aaf141004 (webtiles) character file.

Game seed: 11434699015334153742

429 night the Cutter (level 6, 0/33 HPs)
             Began as a Vine Stalker Fighter on Jan 9, 2024.
             Was an Initiate of Okawaru.
             Slain by a troll (4 damage)
             ... on level 5 of the Dungeon.
             The game lasted 00:06:31 (3257 turns).

night the Cutter (Vine Stalker Fighter)             Turns: 3257, Time: 00:06:31

Health: 0/33       AC: 12    Str: 20    XL:     6   Next: 98%
Magic:  0/7        EV:  9    Int: 11    God:    Okawaru [......]
Gold:   189        SH:  9    Dex: 14    Spells: 5/5 levels left

rFire   + . .        i - +1 dagger (vamp)
rCold   . . .        u - +0 kite shield
rNeg    . . .        t - +4 ring mail of the Tuna {Int+3}
rPois   .            (no helmet)
rElec   .            p - +2 cloak of Free Will {Stlth+}
rCorr   .            (no gloves)
SInv    .            (no boots)
Will    .....        (no amulet)
Stlth   ++           w - ring of protection from fire
HPRegen 1.05/turn    (no ring)
MPRegen 0.10/turn

%: guardian spirit
@: mighty
A: fangs 2, regeneration 1, magic shield, antimagic bite, no potion heal 2
a: Renounce Religion


You were on level 5 of the Dungeon.
You worshipped Okawaru.
Okawaru was noncommittal.
You visited 2 branches of the dungeon, and saw 6 of its levels.

You collected 237 gold pieces.
You spent 30 gold pieces at shops.
You donated 18 gold pieces to Zin.

Inventory:

Hand Weapons
 a - a +0 rapier
 i - a +1 vampiric dagger (weapon)
Missiles
 e - 28 stones (quivered)
 o - 4 poisoned darts
 x - 4 datura-tipped darts
Armour
 p - the +2 cloak of Free Will (worn) {Stlth+}
   (You acquired it on level 4 of the Dungeon)

   Stlth+:    It makes you more stealthy.
 t - the +4 ring mail of the Tuna (worn) {Int+3}
   (You found it on level 3 of the Dungeon)

   Int+3:     It affects your intelligence (+3).
 u - a +0 kite shield (worn)
Jewellery
 w - a ring of protection from fire (left hand)
 y - a +6 ring of intelligence
Scrolls
 b - a scroll of fear {unknown}
 c - 2 scrolls of enchant weapon {unknown}
 g - a scroll of immolation
 h - 4 scrolls of identify
 n - a scroll of amnesia
 r - a scroll of blinking {unknown}
 v - a scroll of poison {unknown}
 z - a scroll of enchant armour {unknown}
Potions
 d - 3 potions of might
 f - 3 potions of brilliance {unknown}
 j - a potion of lignification {unknown}
 k - a potion of curing {unknown}
 l - 3 potions of haste {unknown}
 m - a potion of heal wounds {unknown}
 q - 2 potions of ambrosia {unknown}
 s - a potion of attraction {unknown}


   Skills:
 + Level 3.8 Fighting
 * Level 4.2 Short Blades
 + Level 3.1 Armour
 + Level 1.5 Dodging
 + Level 3.7 Shields
 + Level 0.6 Invocations


You had 5 spell levels left.
You didn't know any spells.
Your spell library contained the following spells:

 Spells                   Type           Power      Damage    Failure   Level
 Apportation              Tloc           0%         N/A       82%         1
 Necrotise                Necr           0%         1d4       82%         1
 Slow                     Hex            0%         N/A       82%         1
 Sting                    Conj/Alch      0%         1d3       82%         1
 Mercury Vapours          Alch/Air       0%         N/A       91%         2
 Sublimation of Blood     Necr           0%         N/A       91%         2
 Confusing Touch          Hex            0%         N/A       99%         3
 Sigil of Binding         Hex            0%         N/A       99%         3
 Vampiric Draining        Necr           0%         2d6       99%         3
 Olgreb's Toxic Radiance  Alch           0%         N/A       100%        4
 Orb of Destruction       Conj           0%         9d5       100%        7
 Summon Small Mammal      Summ           Unusable   N/A       N/A         1
 Call Imp                 Summ           Unusable   N/A       N/A         2
 Summon Blazeheart Golem  Fire/Summ      Unusable   N/A       N/A         4
 Spellforged Servitor     Conj/Summ      Unusable   N/A       N/A         7
 Summon Hydra             Summ           Unusable   N/A       N/A         7

Dungeon Overview and Level Annotations

Branches:
Dungeon (5/15)             Temple (1/1) D:4

Altars:
Gozag
Makhleb
Nemelex Xobeh
Okawaru
Qazlal
Ru
Uskayaw
Vehumet
Yredelemnul
Zin
The Shining One

Shops:
D:1 (   D:2 *   D:5 (


Innate Abilities, Weirdness & Mutations

You have extremely sharp teeth.
Your natural rate of healing is unusually fast.
When hurt, damage is shared between your health and your magic reserves.
Your bite disrupts and absorbs the magic of your enemies.
Potions cannot restore your health.


Message History

q - 2 fuming purple potions (gained 1)
A troll comes into view.
The troll shouts!
A troll is nearby!
Found an escape hatch in the floor.
You hit the troll. You bite the troll. You drain its power.
The troll is lightly wounded.
You hit the troll. You bite the troll. You drain its power.
The troll is moderately wounded.
The troll misses you. The troll closely misses you. The troll claws you.
You closely miss the troll.
The troll is lightly wounded.
The troll bites you! The troll claws you! x2
* * * LOW HITPOINT WARNING * * *
You hit the troll.
You feel better.
The troll is moderately wounded.
The troll completely misses you. The troll claws you but does no damage.
You block the troll's attack.
You hit the troll but do no damage. Your bite misses the troll.
The troll is moderately wounded.
You block the troll's attack. The troll barely misses you.
You block the troll's attack.
You closely miss the troll.
The troll is moderately wounded.
The troll bites you but does no damage.
The troll claws you but does no damage. x2
You hit the troll.
The troll is moderately wounded.
The troll bites you but does no damage. The troll claws you.
The troll completely misses you.
You hit the troll but do no damage.
The troll is lightly wounded.
The troll bites you!
* * * LOW HITPOINT WARNING * * *
You block the troll's attack. x2
Okay, then.
You aren't carrying any items that you can evoke.
You feel very mighty all of a sudden. The troll bites you but does no damage.
The troll claws you but does no damage. The troll claws you.
You die...

......####.#...........
...........#.......#.# #
##........##)).......### .#
..........'..).........#
#.#
###.#.....###)#.##.#.......
.##.####### #.#.##.# >#.#
..#.# #.#..#.# ... ....##
#.#..#.###.# .......
..#.@T.....#.# ..#.###
###.##.#.....# ..#.#
#.##..∩..#.# ..# #
..##...#...# .....
..........#.# ..###
#...##...#.#.# .<. #.##
#...#.# . ### #. ....#.# #.
#....#


You could see a troll.

Vanquished Creatures
  A sky beast (D:3)
  A scorpion (D:4)
  A hound (D:4)
  A bombardier beetle (D:3)
  3 orc priests
  5 adders
  2 dart slugs
  9 orcs
  6 ball pythons
  5 endoplasms
  3 giant cockroaches
  6 goblins
  4 hobgoblins
  6 jackals
  A quokka (D:1)
  3 bats
  7 kobolds
  8 rats
72 creatures vanquished.

Notes
Turn   | Place    | Note
-------+----------+-------------------------------------------
     0 | D:1      | night the Vine Stalker Fighter began the quest for the Orb.
     0 | D:1      | Reached XP level 1. HP: 11/11 MP: 2/2
    93 | D:1      | Reached skill level 2 in Short Blades
   103 | D:1      | Reached XP level 2. HP: 13/16 MP: 1/3
   118 | D:1      | Found Noraevos's Weapon Boutique.
   611 | D:1      | Reached XP level 3. HP: 19/19 MP: 4/4
   860 | D:2      | Found Biad's Assorted Antiques.
   866 | D:2      | Bought a scroll labelled JACOLILIKI for 30 gold pieces
   945 | D:2      | Reached XP level 4. HP: 24/24 MP: 5/5
   978 | D:2      | Reached skill level 3 in Short Blades
  1164 | D:2      | Found a faded altar of an unknown god.
  1172 | D:2      | Prayed at the altar of an unknown god.
  1172 | D:2      | Became a worshipper of Zin the Law-Giver
  1172 | D:2      | Reached * piety under Zin
  1374 | D:2      | Reached ** piety under Zin
  1512 | D:3      | Noticed a sky beast
  1532 | D:3      | Killed a sky beast
  1533 | D:3      | Reached XP level 5. HP: 21/28 MP: 6/6
  1637 | D:3      | Identified the +3 chain mail of Grottiness {rCorr Int+3}
  1712 | D:3      | Identified the +4 ring mail of the Tuna {Int+3}
  1903 | D:3      | Reached skill level 1 in Dodging
  2043 | D:3      | Found a radiant altar of Vehumet.
  2243 | D:4      | Identified a scroll of acquirement
  2244 | D:4      | Acquired the +2 cloak of Free Will {Stlth+}
  2308 | D:4      | Identified the +1 robe "Fugal" {^Drain rC- Int+7}
  2322 | D:4      | Found a sacrificial altar of Ru.
  2456 | D:4      | Found a hide-covered altar of Uskayaw.
  2477 | D:4      | Reached XP level 6. HP: 32/32 MP: 7/7
  2585 | D:4      | Reached skill level 4 in Short Blades
  2626 | D:4      | Found a staircase to the Ecumenical Temple.
  2659 | Temple   | Entered the Ecumenical Temple
  2670 | Temple   | Fell from the grace of Zin
  2670 | Temple   | Became a worshipper of Warmaster Okawaru
  2749 | D:4      | Found a glowing silver altar of Zin.
  3170 | D:5      | Entered Level 5 of the Dungeon
  3234 | D:5      | Found Nikliuwa's Antique Weapon Boutique.
  3241 | D:5      | Noticed a troll
  3256 | D:5      | HP: 3/33 [troll (8)]
  3257 | D:5      | Slain by a troll

Illustrated notes

Levels and vault maps discovered:
D:1:      psy_arrival_spokes, layout_basic, serial_shops, shop
D:2:      layout_loops_ring, serial_shops,
          nicolae_shop_temple_entry_statues_fountains,
          dreamdust_ecumenical_altar_statues, chequers_garden,
          minmay_tetromino_l4
D:3:      layout_loops_ring, nicolae_vehumet_altar_sigil, minmay_parallelograms
D:4:      layout_cave_pods, mainiacjoe_overflow_brackets,
          mainiacjoe_overflow_24_doors, zin_statuary, minmay_temple_entry_glass,
          kennysheep_generic_room_7
D:5:      layout_basic, fedhas_altar_4, kennysheep_vampire_church,
          mainiacjoe_overflow_swirl, serial_shops, shop,
          cheibrodos_sewer_entry_sluice
Temple:   nicolae_temple_ecumenical_triangle

Skill      XL: |  1  2  3  4  5  6 |
---------------+-------------------+-----
Short Blades   | 2 3 4 |  4.2
Shields        | 3 |  3.7
Fighting       | 3 |  3.8
Dodging        | 1 |  1.5
Armour         | 3 |  3.1
Invocations    | |  0.6

Action                     |  1- 3 |  4- 6 || total
---------------------------+-------+-------++-------
  Melee: Rapier            |    49 |   122 ||   171
         Bite              |    24 |    47 ||    71
         Dagger            |    64 |    63 ||   127
    Use: Scroll            |     1 |     3 ||     4
         Potion            |       |     1 ||     1
 Armour: Scale mail        |    71 |    22 ||    93
         Ring mail         |       |    86 ||    86
  Dodge: Dodged            |    59 |    67 ||   126
  Block: Buckler           |    18 |     9 ||    27
         Kite shield       |       |    85 ||    85

Table legend: (Time is in decaauts)
 A = Elapsed time spent in this place.
 B = Non-inter-level travel time spent in this place.
 C = Inter-level travel time spent in this place.
 D = Time resting spent in this place.
 E = Time spent auto-exploring this place.
 F = Levels seen in this place.
 G = Mean time per level.
                   A        B        C        D        E       F      G
               +--------+--------+--------+--------+--------+-----+--------+
         Total |   3265 |   3213 |     52 |     40 |   2539 |   6 |  544.2 |
       Dungeon |   3248 |   3196 |     52 |     40 |   2539 |   5 |  649.6 |
        Temple |     16 |     16 |      0 |      0 |      0 |   1 |   16.0 |
               +--------+--------+--------+--------+--------+-----+--------+

Top non-repeatable levels by time:
     D:4: 933 daAuts
     D:3: 786 daAuts
     D:1: 755 daAuts
     D:2: 688 daAuts
     D:5: 84 daAuts
  Temple: 16 daAuts
